 Dungeon Crawl Stone Soup version 0.23.2-30-g0e89c35649 (webtiles) character file.

Game seed: 9534187103063286419

1259 TrebMcFLY the Cleaver (level 8, 0/70 HPs)
             Began as a Hill Orc Fighter on June 16, 2019.
             Was a Priest of Yredelemnul.
             Slain by a gnoll
             ... wielding a +0 spear of venom
              (3 damage)
             ... on level 6 of the Dungeon on June 17, 2019.
             The game lasted 00:20:05 (4993 turns).

TrebMcFLY the Cleaver (Hill Orc Fighter)            Turns: 4993, Time: 00:20:07

Health: 0/70       AC:  7    Str: 21    XL:     8   Next: 51%
Magic:  11/11      EV:  4    Int: 13    God:    Yredelemnul [***...]
Gold:   306        SH: 10    Dex: 10    Spells: 7/7 levels left

rFire    . . .     SeeInvis .   a - +0 war axe
rCold    . . .     Gourm    .   c - +0 shield
rNeg     . . .     Faith    .   b - +0 scale mail
rPois    .         Spirit   .   (no helmet)
rElec    .         Reflect  .   (no cloak)
rCorr    .         Harm     .   (no gloves)
MR       .....                  (no boots)
Stlth    ..........             l - amulet of regeneration
HPRegen  0.61/turn              D - +5 ring of intelligence
MPRegen  0.12/turn              m - -3 ring of evasion (curse)

@: lethally poisoned (0 -> -24)
A: no striking features
a: Recall Undead Slaves, Injury Mirror, Animate Dead, Renounce Religion


You were on level 6 of the Dungeon.
You worshipped Yredelemnul.
Yredelemnul was most pleased with you.
You were hungry.

You visited 1 branch of the dungeon, and saw 6 of its levels.

You collected 306 gold pieces.

Inventory:

Hand Weapons
 a - a +0 war axe (weapon)
Armour
 b - a +0 scale mail (worn)
 c - a +0 shield (worn)
 g - a +0 ring mail of magic resistance
 A - a +0 large shield
Jewellery
 h - an uncursed ring of stealth
 l - an amulet of regeneration (around neck)
 m - a cursed -3 ring of evasion (right hand)
 v - an uncursed ring of ice
 D - a +5 ring of intelligence (left hand)
Wands
 y - a wand of iceblast (11)
Scrolls
 i - 4 scrolls of remove curse {unknown}
 j - 3 scrolls of teleportation {unknown}
 o - 14 scrolls of identify
 p - 3 scrolls of blinking {unknown}
 s - 4 scrolls of enchant weapon {unknown}
 u - 5 scrolls of amnesia {unknown}
 w - 2 scrolls of noise {unknown}
 x - a scroll of magic mapping {unknown}
 B - 3 scrolls of fog {unknown}
Potions
 d - 2 potions of might
 e - a potion of curing {unknown}
 k - a potion of degeneration {unknown}
 n - a potion of magic {unknown}
 q - 2 potions of agility
 r - a potion of mutation {unknown}
 t - 2 potions of heal wounds {unknown}
 z - a potion of resistance {unknown}
Comestibles
 f - 13 rations
 C - 2 chunks of flesh


   Skills:
 + Level 6.1 Fighting
 * Level 8.0 Axes
 + Level 5.3 Armour
 + Level 5.4 Shields
 + Level 4.2 Invocations
 + Level 2.2 Evocations


You had 7 spell levels left.
You didn't know any spells.
Your spell library was empty.

Dungeon Overview and Level Annotations

Branches:
Dungeon (6/15)
 Temple: D:4-7

Altars:
Ashenzari
Cheibriados
Elyvilon
Okawaru
Xom
Yredelemnul

Shops:
D:5 [


Message History

You feel very sick. The gnoll barely misses you.
* * * LOW HITPOINT WARNING * * *
You feel very sick. You block the gnoll's attack.
You hit the gnoll.
The gnoll is heavily wounded.
You are feeling hungry.
* * * LOW HITPOINT WARNING * * *
You feel very sick.
The gnoll hits you with a +0 spear of venom.
* * * LOW HITPOINT WARNING * * *
You are more poisoned.
You slash the gnoll!
The gnoll is almost dead.
* * * LOW HITPOINT WARNING * * *
You feel very sick.
The gnoll hits you with a +0 spear of venom.
You die...
Your body rises from the dead as a mindless zombie.

...............>. ....
#.#########...... .... #.#
#.###.#
....####.###.#########.#
#.# .g...#.............#.#
#.#
.....#####.#..####.#.###.#
#.#..# #.#..#^.........#
#.#..#####.)).#..#.#.####.
#.##.....@g...#....#.# .
######...........#.######.#
#.......##.####..#... ..#
#.......##..# #..##### ###
#.......###.# #..#
#.......# .# #..# #.......#
.# #..# #.......# .# #..#
######### #. #..#


You could see a gnoll.

Vanquished Creatures
  3 ice beasts (D:5)
  A bullfrog (D:6)
  A gnoll sergeant (D:6)
  A scorpion (D:4)
  A crimson imp (D:5)
  3 hounds
  An iron imp (D:5)
  Natasha (thrice) (D:3)
  An iguana (D:4)
  An orc wizard (D:3)
  4 worker ants
  2 hound zombies (D:5)
  A worker ant zombie (D:5)
  3 gnolls (D:6)
  8 adders
  A shadow imp (D:5)
  2 oozes
  4 worms
  A dart slug (D:4)
  4 leopard geckos
  9 orcs
  8 bats
  8 giant cockroaches
  11 hobgoblins
  10 jackals
  2 quokkas
  7 frilled lizards
  A giant cockroach zombie (D:5)
  10 goblins
  14 kobolds
  A leopard gecko skeleton (D:4)
  A leopard gecko zombie (D:6)
  8 rats
136 creatures vanquished.

Vanquished Creatures (collateral kills)
  A sky beast (D:5)
  A centaur (D:5)
  An orc wizard (D:3)
  A dart slug (D:3)
  2 orcs (D:3)
  A hobgoblin (D:3)
7 creatures vanquished.

Vanquished Creatures (others)
  5 dream sheep (D:5)
  A bullfrog skeleton (D:6)
  An orc wizard (D:5)
  A hound zombie (D:5)
  A worker ant zombie (D:4)
  A quokka zombie (D:5)
10 creatures vanquished.

Grand Total: 153 creatures vanquished

Notes
Turn   | Place    | Note
-------+----------+-------------------------------------------
     0 | D:1      | TrebMcFLY the Hill Orc Fighter began the quest for the Orb.
     0 | D:1      | Reached XP level 1. HP: 19/19 MP: 1/1
   118 | D:1      | Reached skill level 3 in Axes
   126 | D:1      | Reached XP level 2. HP: 13/27 MP: 2/2
   622 | D:1      | Reached XP level 3. HP: 33/33 MP: 3/3
  1043 | D:2      | Reached skill level 4 in Axes
  1089 | D:2      | Found a white marble altar of Elyvilon.
  1209 | D:2      | Reached XP level 4. HP: 12/40 MP: 4/4
  1861 | D:2      | Found a basalt altar of Yredelemnul.
  1878 | D:2      | Became a worshipper of Yredelemnul the Dark
  2090 | D:3      | Reached XP level 5. HP: 45/47 MP: 5/5
  2221 | D:3      | Found an iron altar of Okawaru.
  2225 | D:3      | Reached * piety under Yredelemnul
  2229 | D:3      | Reached skill level 5 in Axes
  2258 | D:3      | Noticed Natasha
  2267 | D:3      | Killed Natasha
  2267 | D:3      | Reached skill level 1 in Invocations
  2466 | D:3      | Noticed Natasha
  2478 | D:3      | Killed Natasha
  2649 | D:3      | Reached XP level 6. HP: 33/53 MP: 7/7
  2730 | D:3      | Noticed Natasha
  2738 | D:3      | Killed Natasha
  3033 | D:4      | Reached ** piety under Yredelemnul
  3086 | D:4      | Reached skill level 5 in Fighting
  3144 | D:4      | Reached skill level 6 in Axes
  3331 | D:4      | Reached XP level 7. HP: 34/61 MP: 8/8
  3633 | D:5      | Entered Level 5 of the Dungeon
  3689 | D:5      | Noticed a dream sheep
  3689 | D:5      | Noticed a dream sheep
  3689 | D:5      | Noticed a dream sheep
  3689 | D:5      | Noticed a dream sheep
  3689 | D:5      | Noticed a dream sheep
  3689 | D:5      | Found a shimmering altar of Xom.
  3695 | D:5      | Killed a dream sheep
  3695 | D:5      | Killed a dream sheep
  3695 | D:5      | Killed a dream sheep
  3695 | D:5      | Killed a dream sheep
  3696 | D:5      | Killed a dream sheep
  3765 | D:5      | Reached skill level 1 in Evocations
  3822 | D:5      | Found a shattered altar of Ashenzari.
  4055 | D:5      | Reached skill level 7 in Axes
  4055 | D:5      | Reached skill level 5 in Shields
  4185 | D:5      | Reached skill level 5 in Armour
  4185 | D:5      | Reached XP level 8. HP: 64/70 MP: 10/10
  4700 | D:5      | Found Fyoddib's Armour Emporium.
  4834 | D:5      | Found a snail-covered altar of Cheibriados.
  4986 | D:6      | Reached *** piety under Yredelemnul
  4986 | D:6      | Reached skill level 8 in Axes
  4993 | D:6      | HP: 3/70 [poisoned by a gnoll]
  4993 | D:6      | Slain by a gnoll

Skill      XL: |  1  2  3  4  5  6  7  8 |
---------------+-------------------------+-----
Axes           | 3 4 5 6 7 8 |  8.0
Fighting       | 4 5 6 |  6.1
Armour         | 4 5 |  5.3
Shields        | 4 5 |  5.4
Invocations    | 1 2 3 4 |  4.2
Evocations     | 1 2 |  2.2

Action                   |  1- 3 |  4- 6 |  7- 9 || total
-------------------------+-------+-------+-------++-------
Melee: War axe           |   131 |   274 |   151 ||   556
Invok: Animate Remains   |       |     2 |     6 ||     8
  Use: Scroll            |       |     1 |       ||     1
 Stab: Distracted        |       |       |     1 ||     1
  Eat: Chunk             |     1 |     8 |     7 ||    16
Armor: Scale mail        |    85 |   165 |    61 ||   311
Dodge: Dodged            |    39 |    62 |    22 ||   123
Block: Shield            |    72 |   142 |    85 ||   299
